 Dungeon Crawl Stone Soup version 0.30-a0-585-g93115170b9 (webtiles) character file.

Game seed: 6250979747989736181

63 bande the Covered (level 4, -6/29 HPs)
             Began as a Gargoyle Fighter on Jan 2, 2023.
             Mangled by a gnoll
             ... wielding a +0 halberd
              (7 damage)
             ... on level 2 of the Dungeon.
             The game lasted 00:01:43 (851 turns).

bande the Covered (Gargoyle Fighter)                 Turns: 851, Time: 00:01:43

Health: -6/29      AC: 15    Str: 19    XL:     4   Next: 9%
Magic:  4/4        EV:  5    Int:  9    God:
Gold:   22         SH:  4    Dex: 11    Spells: 3/3 levels left

rFire   . . .      SeeInvis .    a - +0 war axe
rCold   . . .      Faith    .    c - +0 buckler
rNeg    + . .      Spirit   .    k - +0 plate armour
rPois   ∞          Reflect  .    (no helmet)
rElec   +          Harm     .    (no cloak)
rCorr   .          Rampage  .    (no gloves)
Will    .....                    (no boots) Stlth
                                 (no amulet)
HPRegen 0.24/turn                (no ring)
MPRegen 0.09/turn                (no ring)

@: no status effects
A: sickness immunity, AC +3, negative energy resistance 1, electricity
resistance, torment resistance 1, petrification resistance
a: no special abilities


You were on level 2 of the Dungeon.
You visited 1 branch of the dungeon, and saw 2 of its levels.

You collected 22 gold pieces.

Inventory:

Hand Weapons
 a - a +0 war axe (weapon)
 b - a +1 mace of protection
 i - a +0 flail
Armour
 c - a +0 buckler (worn)
 k - a +0 plate armour (worn)
Jewellery
 f - a ring of willpower
Scrolls
 h - a scroll of fear {unknown}
Potions
 d - a potion of might
 e - 2 potions of lignification {unknown}
 g - a potion of curing {unknown}
 j - a potion of attraction {unknown}
 l - a potion of heal wounds {unknown}


   Skills:
 + Level 3.8 Fighting
 + Level 2.7 Axes
 + Level 3.8 Armour
 + Level 3.7 Shields


You had 3 spell levels left.
You didn't know any spells.
Your spell library contained the following spells:

 Spells                   Type           Power      Damage    Failure   Level
 Frozen Ramparts          Ice            0%         1d1       100%        3
 Ice Form                 Ice/Tmut       0%         N/A       100%        4
 Summon Ice Beast         Ice/Summ       0%         N/A       100%        4


Dungeon Overview and Level Annotations

Branches:
Dungeon (2/15)

Altars:


Innate Abilities, Weirdness & Mutations

You are immune to sickness and miasma.
Your stone body is resilient. (AC +3)
You are immune to poison.
You resist negative energy. (rN+)
You are resistant to electric shocks. (rElec)
You are resistant to unholy torment.
You are immune to petrification.


Message History

A gnoll comes into view. It is wielding a +0 club.
The gnoll shouts!
A gnoll comes into view.
It is wielding a +0 halberd and wearing the +5 chain mail of the Trees {rN+ Regen+}.
The gnoll shouts!
You hit the gnoll.
The gnoll is heavily wounded.
You block the gnoll's attack. The gnoll hits you but does no damage.
You hit the gnoll but do no damage.
The gnoll is heavily wounded.
The gnoll hits you but does no damage.
You hit the gnoll.
The gnoll is severely wounded.
You block the gnoll's attack. The gnoll hits you but does no damage.
You slash the gnoll!
You kill the gnoll!
You hit the gnoll.
The gnoll is moderately wounded.
The gnoll hits you but does no damage. The gnoll barely misses you.
The gnoll hits you from afar with a +0 halberd!
Ouch! That really hurt!
The gnoll hits you but does no damage.
You slash the gnoll!
You kill the gnoll!
The gnoll throws a javelin.
The javelin pierces through you but does no damage.
You have reached level 4!
You feel clever. The gnoll hits you with a +0 halberd.
Items here: $ )) ?? [.
You closely miss the gnoll. The gnoll hits you with a +0 halberd.
You closely miss the gnoll. The gnoll barely misses you.
The gnoll hits you with a +0 halberd!
* * * LOW HITPOINT WARNING * * *
You barely miss the gnoll. You block the gnoll's attack.
You barely miss the gnoll. The gnoll hits you with a +0 halberd.
* * * LOW HITPOINT WARNING * * *
You hit the gnoll.
The gnoll is moderately wounded.
The gnoll hits you with a +0 halberd!
You die...

#.......# ..# ####.......#
... ...........# ########
..#.# #........# #......#
..#.###.....†..# #.####.#
...........#.... #.####.#
......##.##.##.##
#.#....#####..##.......##.#
#.#.##.....@..............#
#.#.##.#####g.##.##.##.####
#......# #..##.##....#
###.########........##.#
#.### #........##.##.#
#...# #......÷.......#
###.# #....[.)###.####
#.###.......# #).<#
#..##.......# ###.#


You could see a gnoll.

Vanquished Creatures
  An adder (D:2)
  2 gnolls (D:2)
  A ball python (D:1)
  A bat (D:2)
  3 endoplasms
  A giant cockroach (D:1)
  6 hobgoblins
  4 quokkas
  5 goblins (D:1)
  3 kobolds
  4 rats (D:1)
31 creatures vanquished.

Notes
Turn   | Place    | Note
-------+----------+-------------------------------------------
     0 | D:1      | bande the Gargoyle Fighter began the quest for the Orb.
     0 | D:1      | Reached XP level 1. HP: 14/14 MP: 1/1
   108 | D:1      | Reached XP level 2. HP: 16/19 MP: 2/2
   452 | D:1      | Reached XP level 3. HP: 24/24 MP: 3/3
   839 | D:2      | Identified the +5 chain mail of the Trees {rN+ Regen+}
   846 | D:2      | Reached XP level 4. HP: 15/29 MP: 4/4
   850 | D:2      | HP: 1/29 [gnoll/+0 halberd (5)]
   851 | D:2      | Mangled by a gnoll

Illustrated notes

Levels and vault maps discovered:
D:1:      dpeg_arrival_rooms_with_view, layout_basic
D:2:      layout_loops_cross

Skill      XL: |  1  2 |
---------------+-------+-----
Axes           | 2 |  2.7
Fighting       | |  3.8
Armour         | |  3.8
Shields        | |  3.7

Action                   |  1- 3 |  4- 6 || total
-------------------------+-------+-------++-------
Melee: War axe           |    88 |     5 ||    93
Armor: Scale mail        |    43 |       ||    43
       Plate armour      |    13 |       ||    13
Dodge: Dodged            |    46 |     1 ||    47
Block: Buckler           |    24 |     1 ||    25

Table legend: (Time is in decaauts)
 A = Elapsed time spent in this place.
 B = Non-inter-level travel time spent in this place.
 C = Inter-level travel time spent in this place.
 D = Time resting spent in this place.
 E = Time spent auto-exploring this place.
 F = Levels seen in this place.
 G = Mean time per level.
                   A        B        C        D        E       F      G
               +--------+--------+--------+--------+--------+-----+--------+
         Total |    890 |    838 |     52 |      0 |    567 |   2 |  445.0 |
       Dungeon |    890 |    838 |     52 |      0 |    567 |   2 |  445.0 |
               +--------+--------+--------+--------+--------+-----+--------+

Top non-repeatable levels by time:
     D:1: 659 daAuts
     D:2: 230 daAuts
